 Dungeon Crawl Stone Soup version 0.31.0-32-g396128a36d (webtiles) character file.

Game seed: 12769274138909384862

707 CaptainMV the Firebug (level 7, -4/48 HPs)
             Began as a Demonspawn Wanderer on Apr 17, 2024.
             Was a Believer of Ru.
             Splashed by a jelly's acid (6 damage)
             ... on level 5 of the Dungeon.
             The game lasted 00:26:51 (2972 turns).

CaptainMV the Firebug (Demonspawn Wanderer)         Turns: 2972, Time: 00:26:52

Health: -4/48      AC:  3    Str: 11    XL:     7   Next: 40%
Magic:  13/13      EV: 11    Int: 18    God:    Ru [**....]
Gold:   297        SH:  4    Dex: 10    Spells: 7/14 levels left

rFire   . . .        a - +1 dagger (vamp)
rCold   . . .        (no shield)
rNeg    . . .        c - +1 robe
rPois   .            (helmet restricted)
rElec   .            (no cloak)
rCorr   .            (no gloves)
SInv    .            (no boots)
Will    .....        e - amulet of magic regeneration
Stlth   ++           (no ring)
HPRegen 0.28/turn    (no ring)
MPRegen 0.53/turn

%: no passive effects
@: on berserk cooldown, attractive, slowed, invisible, very slow
A: horns 2, hated by all, condensation shield, demonic magic 2
a: Renounce Religion


You were on level 5 of the Dungeon.
You worshipped Ru.
Ru was pleased with you.
You visited 1 branch of the dungeon, and saw 5 of its levels.

You collected 297 gold pieces.

Inventory:

Hand Weapons
 a - a +1 vampiric dagger (weapon)
 f - a +0 club
 k - a +0 rapier of venom
Missiles
 d - 6 boomerangs (quivered)
Armour
 c - a +1 robe (worn)
Jewellery
 e - an amulet of magic regeneration (around neck)
 o - an amulet of the acrobat
 q - a ring of protection from cold
Scrolls
 b - a scroll of vulnerability
 r - 2 scrolls of brand weapon
Potions
 h - a potion of brilliance
 i - 2 potions of mutation
 j - 2 potions of lignification
 p - a potion of magic {unknown}


   Skills:
 + Level 1.0 Fighting
 + Level 1.7 Short Blades
 + Level 1.0 Dodging
 + Level 3.6 Stealth
 + Level 4.1 Spellcasting
 + Level 0.5 Conjurations
 + Level 5.7 Fire Magic
 + Level 1.0 Air Magic
 + Level 3.2 Evocations


You had 7 spell levels left.
You knew the following spells:

 Your Spells              Type           Power      Damage    Failure   Level
a - Foxfire               Conj/Fire      60%        2x1d7     4%          1
b - Scorch                Fire           48%        2d7       1%          2
c - Flame Wave            Conj/Fire      15%        2d7       36%         4

Your spell library contained the following spells:

 Spells                   Type           Power      Damage    Failure   Level
 Shock                    Conj/Air       24%        1d4       11%         1
 Momentum Strike          Conj/Tloc      8%         3d8       21%         2
 Blink                    Tloc           6%         N/A       22%         2
 Lesser Beckoning         Tloc           6%         N/A       22%         2
 Swiftness                Air            7%         N/A       28%         3
 Hailstorm                Conj/Ice       4%         3d5       36%         3
 Stone Arrow              Conj/Erth      8%         3d7       36%         3
 Lehudib's Crystal Spear  Conj/Erth      2%         10d2      100%        8
 Summon Small Mammal      Summ           Unusable   N/A       N/A         1
 Call Canine Familiar     Summ           Unusable   N/A       N/A         3
 Summon Ice Beast         Ice/Summ       Unusable   N/A       N/A         3
 Summon Blazeheart Golem  Fire/Summ      Unusable   N/A       N/A         4
 Animate Armour           Summ/Erth      Unusable   N/A       N/A         4
 Sculpt Simulacrum        Ice/Alch       Unusable   N/A       N/A         6

Dungeon Overview and Level Annotations

Branches:
Dungeon (5/15)
 Temple: D:4-7

Altars:
Makhleb
Ru
Xom


Innate Abilities, Weirdness & Mutations

You have a pair of horns on your head.
You are hated by all.
A meltable shield of frost defends you. (SH +4)
Spells you cast may paralyse nearby enemies.


Message History

The orc is heavily wounded.
The jelly hits you. The acid corrodes you!
You are splashed with acid!
You barely miss the orc.
The orc is heavily wounded.
You block the jelly's attack. The orc hits you with a +1 heavy flail.
You barely miss the orc. You headbutt the orc, but do no damage.
The orc is heavily wounded.
The jelly barely misses you. The orc hits you with a +1 heavy flail!
You hit the orc.
You feel better.
The orc is severely wounded.
The jelly hits you. The acid corrodes you!
You are splashed with acid!
* * * LOW HITPOINT WARNING * * *
Things that are here:
a +0 flail; an orc corpse The jelly attacks as it pursues you!
The jelly hits you.
* * * LOW HITPOINT WARNING * * *
You are splashed with acid!
* * * LOW HITPOINT WARNING * * *
Your magical effects are unravelling.
You feel magically purged.
Your magical contamination has completely faded away.
You are no longer corroded.
The jelly hits you but does no damage.
It was a potion of berserk rage.
A red film seems to cover your vision as you go berserk!
You feel yourself moving faster!
You feel mighty! The jelly hits you but does no damage.
You feel a strong urge to attack something.
You feel your anger nearly subside.
You are no longer berserk.
You are exhausted.
You feel yourself slow down.
It was a potion of attraction.
You feel attractive to monsters.
It was a potion of invisibility.
You fade into invisibility!
The jelly hits you but does no damage. The jelly completely misses you.
The jelly attacks as it pursues you! The jelly hits you.
* * * LOW HITPOINT WARNING * * *
You are splashed with acid.
You die...

###
#.##################
#.J@................
#.#.##.#############
#o#.##.# #.#.##.#
#.#.##.#
#####)#.##.##
#...)........
#.##))..##.## #....#


You could see a jelly.

Vanquished Creatures
  Pikel (D:4)
  2 lemures (D:4)
  2 hounds (D:4)
  2 orc priests (D:5)
  An orc wizard (D:5)
  2 adders (D:3)
  A gnoll (D:1)
  2 dart slugs
  2 ribbon worms
  8 orcs
  5 endoplasms
  5 giant cockroaches
  6 goblins
  10 hobgoblins
  10 kobolds
  6 quokkas
  6 ball pythons
  7 bats
  5 frilled lizards
  7 rats
90 creatures vanquished.

Vanquished Creatures (others)
  61 foxfires
61 creatures vanquished.

Grand Total: 151 creatures vanquished

Notes
Turn   | Place    | Note
-------+----------+-------------------------------------------
     0 | D:1      | CaptainMV the Demonspawn Wanderer began the quest for the
                  | Orb.
     0 | D:1      | CaptainMV set off with the following items: a +0 club, a
                  | scroll of vulnerability, a +0 robe, a wand of flame (3);
                  | and the following spells available to memorise: Scorch,
                  | Foxfire, Shock, Swiftness, Flame Wave.
     0 | D:1      | Reached XP level 1. HP: 13/13 MP: 3/3
     5 | D:1      | Learned a level 1 spell: Foxfire
   113 | D:1      | Gained mutation: You have a pair of small horns on your
                  | head. [demonic ancestry]
   113 | D:1      | Reached XP level 2. HP: 18/19 MP: 1/5
   117 | D:1      | Reached skill level 4 in Fire Magic
   224 | D:1      | Gained mutation: Spells you cast may paralyse adjacent
                  | enemies. [demonic ancestry]
   224 | D:1      | Reached XP level 3. HP: 19/24 MP: 3/6
   478 | D:2      | Learned a level 2 spell: Scorch
  1108 | D:3      | Gained mutation: You have a pair of horns on your head.
                  | [demonic ancestry]
  1108 | D:3      | Reached XP level 4. HP: 31/31 MP: 4/7
  1248 | D:3      | Identified the +1 leather armour of the Imp {^Contam Harm
                  | rPois rC+}
  1317 | D:3      | Found a shimmering altar of Xom.
  1317 | D:3      | Found a sacrificial altar of Ru.
  1326 | D:3      | Became a worshipper of Ru the Awakened
  2064 | D:4      | Found a burning altar of Makhleb.
  2194 | D:4      | Noticed a lemure
  2194 | D:4      | Noticed a lemure
  2195 | D:4      | Noticed Pikel
  2195 | D:4      | Noticed a lemure
  2195 | D:4      | Noticed a lemure
  2225 | D:4      | Killed a lemure
  2239 | D:4      | Killed a lemure
  2252 | D:4      | Killed Pikel
  2253 | D:4      | Reached skill level 1 in Fighting
  2253 | D:4      | Reached skill level 1 in Short Blades
  2253 | D:4      | Reached skill level 5 in Fire Magic
  2253 | D:4      | Reached XP level 5. HP: 7/37 MP: 2/11
  2253 | D:4      | Gained mutation: Spells you cast may paralyse nearby
                  | enemies. [demonic ancestry]
  2253 | D:4      | Reached XP level 6. HP: 8/43 MP: 2/12
  2253 | D:4      | Gained mutation: A meltable shield of frost defends you.
                  | (SH +4) [demonic ancestry]
  2253 | D:4      | Reached XP level 7. HP: 9/48 MP: 2/13
  2708 | D:4      | Gained mutation: You are hated by all. [Ru sacrifice]
  2708 | D:4      | Reached * piety under Ru
  2708 | D:4      | Reached ** piety under Ru
  2767 | D:5      | Entered Level 5 of the Dungeon
  2770 | D:5      | Reached skill level 1 in Dodging
  2919 | D:5      | Learned a level 4 spell: Flame Wave
  2963 | D:5      | HP: 1/48 [acid (9)]
  2972 | D:5      | HP: 2/48 [jelly (2)]
  2972 | D:5      | Splashed by a jelly's acid

Illustrated notes

Levels and vault maps discovered:
D:1:      scummos_arrival_checkerplants, layout_rooms
D:2:      cheibrodos_old_hovel, layout_loops_ring,
          wander_ebering_terrifying_dragon_lair
D:3:      minmay_door_path, layout_loops_corners, jmf_multi_god_temple
D:4:      layout_basic, mainiacjoe_overflow_alcove_4, uniq_pikel
D:5:      layout_basic, chequers_temple_overflow_statue_of_worship,
          temple_doors_ab, biasface_ghost_orc_armoury, kennysheep_generic_room_5

Skill      XL: |  1  2  3  4  5  6  7 |
---------------+----------------------+-----
Fire Magic     | 4 5 |  5.7
Fighting       | 1 |  1.0
Short Blades   | 1 |  1.7
Stealth        | 3 |  3.6
Spellcasting   | 4 |  4.1
Dodging        | 1 |  1.0
Conjurations   | |  0.5
Air Magic      | |  1.0
Evocations     | |  3.2

Action                     |  1- 3 |  4- 6 |  7- 9 || total
---------------------------+-------+-------+-------++-------
  Melee: Dagger            |    67 |    19 |    44 ||   130
         Headbutt          |     6 |     4 |    10 ||    20
         Punch             |     1 |       |       ||     1
   Cast: Foxfire           |    36 |     4 |     1 ||    41
         Scorch            |    12 |    36 |     8 ||    56
         Flame Wave        |       |       |     1 ||     1
 Invoke: Sacrifice Love    |       |       |     1 ||     1
  Evoke: Wand              |       |     3 |       ||     3
    Use: Scroll            |     1 |     3 |     6 ||    10
         Potion            |       |     2 |     4 ||     6
   Stab: Paralysed         |     2 |    13 |     4 ||    19
         Sleeping          |     1 |       |     3 ||     4
 Armour: Robe              |    46 |    19 |    29 ||    94
  Dodge: Dodged            |    50 |     7 |    22 ||    79
  Block: Other             |       |       |     3 ||     3
